 Dungeon Crawl Stone Soup version 0.28-a0-381-g937acc2988 (webtiles) character file.

Game seed: 14345393409464042545

9997 serber55 the Carver (level 11, -18/80 HPs)
             Began as a Demonspawn Abyssal Knight on Sept 1, 2021.
             Was a Priest of Lugonu.
             Demolished by a boulder beetle (55 damage)
             ... on level 10 of the Dungeon.
             The game lasted 00:38:05 (10535 turns).

serber55 the Carver (Demonspawn Abyssal Knight)    Turns: 10535, Time: 00:38:05

Health: -18/80     AC: 16    Str: 16    XL:     11   Next: 30%
Magic:  17/17      EV: 14    Int: 14    God:    Lugonu [***...]
Gold:   354        SH:  0    Dex: 18    Spells: 9/10 levels left

rFire   . . .      SeeInvis +   f - +2 great sword (vorpal)
rCold   . . .      Faith    .   (shield currently unavailable)
rNeg    . . .      Spirit   .   c - +3 ring mail
rPois   .          Reflect  .   i - +1 helmet
rElec   .          Harm     .   s - +0 cloak
rCorr   .          Rampage  .   (no gloves)
Will    .....      Clarity  +   (no boots)
Stlth   +.........              D - amulet of magic regeneration
HPRegen 0.23/turn               p - +6 ring of dexterity
MPRegen 0.40/turn               l - +4 ring of evasion

@: unable to read
A: claws 2, molten scales 2, spiny 2, see invisible, clarity, deterioration 1,
frail 1, evolution 1, inability to read while threatened
a: Renounce Religion, Depart the Abyss, Bend Space, Banish


You were on level 10 of the Dungeon.
You worshipped Lugonu.
Lugonu was most pleased with you.
You visited 1 branch of the dungeon, and saw 10 of its levels.
You visited the Abyss 1 time.
You also visited: Sewer.

You collected 591 gold pieces.
You spent 237 gold pieces at shops.

Inventory:

Hand Weapons
 a - a +1 vorpal falchion
 f - a +2 vorpal great sword (weapon)
Missiles
 r - 4 curare-tipped darts
 y - a throwing net (quivered)
Armour
 c - a +3 ring mail (worn)
 i - a +1 helmet (worn)
 s - a +0 cloak (worn)
Jewellery
 l - a +4 ring of evasion (right claw)
 p - a +6 ring of dexterity (left claw)
 u - a ring of protection from cold
 v - a ring of flight
 A - a ring of willpower
 C - a ring of resist corrosion
 D - an amulet of magic regeneration (around neck)
Wands
 d - a wand of digging (3)
 w - a wand of iceblast (9)
Scrolls
 b - 2 scrolls of magic mapping
 j - 4 scrolls of teleportation
 m - 2 scrolls of amnesia
 t - a scroll of fog
 z - 2 scrolls of fear
Potions
 e - a potion of resistance
 g - 4 potions of brilliance
 h - 6 potions of heal wounds
 k - a potion of invisibility {unknown}
 n - 2 potions of attraction
 o - 3 potions of cancellation {unknown}
 x - a potion of flight
 B - 2 potions of curing {unknown}


   Skills:
 + Level 9.0 Fighting
 * Level 10.9 Long Blades
 + Level 7.8 Armour
 - Level 0.8 Dodging
 + Level 8.9 Invocations


You had 9 spell levels left.
You knew the following spells:

 Your Spells              Type           Power      Damage    Failure   Level
a - Animate Skeleton      Necr           0%         N/A       45%         1

Your spell library contained the following spells:

 Spells                   Type           Power      Damage    Failure   Level
 Apportation              Tloc           0%         N/A       45%         1
 Corona                   Hex            0%         N/A       45%         1
 Summon Small Mammal      Summ           0%         N/A       45%         1
 Ensorcelled Hibernation  Hex/Ice        0%         N/A       58%         2
 Frozen Ramparts          Ice            0%         1d2       83%         3
 Tukima's Dance           Hex            0%         N/A       83%         3
 Ice Form                 Ice/Tmut       0%         N/A       99%         4
 Summon Ice Beast         Ice/Summ       0%         N/A       99%         4
 Fireball                 Conj/Fire      0%         3d3       100%        5
 Starburst                Conj/Fire      0%         6d3       100%        6
 Ignition                 Fire           0%         3d3       100%        8


Dungeon Overview and Level Annotations

Branches:
Dungeon (10/15)            Temple (0/1) D:7            Lair (0/6) D:9
    Orc (0/2) D:10          Sewer (visited)

Altars:
Ashenzari
Hepliaklqana
Makhleb
Sif Muna
Trog
Vehumet
Wu Jian
Beogh

Shops:
D:5 *   D:10 (

Annotations:
D:10 Sonja
Abyss:1 Erolcha, Grinder, Maggie


Innate Abilities, Weirdness & Mutations

You have very sharp fingernails.
You are mostly covered in molten scales. (AC +3)
You are mostly covered in sharp spines.
You have supernaturally acute eyesight. (SInv)
You possess an exceptional clarity of mind.
Your body sometimes deteriorates upon taking damage.
You are frail. (-10% HP)
You have hidden genetic potential.
You sometimes lose the ability to read scrolls when taking damage.


Message History

The boulder beetle bites you. The yak is struck by your spines.
You kill the yak!
Lugonu accepts your kill.
You slash the boulder beetle!
The boulder beetle is heavily wounded.
The boulder beetle bites you! The yak gores you!
You feel threatened and lose the ability to read scrolls!
The yak barely misses you.
The boulder beetle bites you but does no damage.
You slash the boulder beetle!
The boulder beetle is heavily wounded.
The yak is struck by your spines. The yak gores you.
The yak closely misses you.
The boulder beetle bites you but does no damage.
You hit the boulder beetle but do no damage.
The boulder beetle is heavily wounded.
The yak gores you but does no damage. The yak is struck by your spines.
The yak gores you. The boulder beetle misses you.
Okay, then.
Space bends sharply around you!
The yak blinks!
The boulder beetle leaps!
You blink.
Space bends around you!
You blink.
A cyclops comes into view.
The cyclops shouts!
The cyclops throws a large rock.
The large rock misses you.
The boulder beetle waves its antennae.
You cannot read scrolls in your current state!
Okay, then.
Okay, then.
You can read scrolls again.
The yak is struck by your spines. The yak barely misses you.
The yak gores you but does no damage.
The boulder beetle curls into a ball and begins rolling!
Found a great mace.
Space bends sharply around you!
The yak blinks!
You blink.
The cyclops throws a large rock.
The large rock barely misses you. The boulder beetle hits you!!!
You feel threatened and lose the ability to read scrolls!
Ouch! That really hurt!
You die...

...# ..... #..## .......
.. #...#####....... ...
#...##§†#....... ....
#...#.#.#........ ....#
###.#..#.#.........
.....###.YY#....#.........
#...Y°§##...............
#.#..°.###.B○#B@<........
##..°##.YYYY##.##.....#
#....Y..>...#........#
#.##...Y............## #.#
##.Y...C..........# #..
##(.#..##......... #).
#................ ###
#................
#.............#..


You could see a boulder beetle (rolling) and 9 yaks.

Vanquished Creatures
  Harold (D:8)
  A centaur warrior (D:10)
  Pikel (D:7)
  An unseen horror (D:10)
  A troll (D:8)
  A shadow (D:7)
  A wraith (D:10)
  8 yaks
  2 steam dragons
  3 water moccasins
  5 orc warriors
  An ice beast (D:4)
  A sky beast (D:6)
  A black bear (D:7)
  A necrophage (D:6)
  An ogre (D:4)
  A centaur (D:9)
  2 phantoms (D:6)
  3 kobold brigands
  A gnoll sergeant (D:6)
  A bullfrog (D:9)
  2 scorpions
  3 water moccasin skeletons
  6 wights
  A vampire bat (D:3)
  A crimson imp (D:7)
  4 jellies
  2 centaur zombies
  A centaur skeleton (D:6)
  9 orc priests
  A hound (D:5)
  3 iguanas
  5 orc wizards
  2 killer bee zombies
  A hound zombie (D:5)
  A howler monkey zombie (D:7)
  5 gnolls (D:6)
  A river rat (Sewer)
  7 adders
  2 shadow imps
  A white imp (D:5)
  An adder skeleton (D:4)
  7 worms
  2 dart slugs
  3 fire bats (D:3)
  41 orcs
  2 spectral bats (D:3)
  3 bat skeletons (D:3)
  A bat zombie (D:3)
  10 endoplasms
  5 giant cockroaches
  11 hobgoblins
  A jackal (D:2)
  27 kobolds
  3 quokkas
  10 ball pythons
  11 bats
  A bat simulacrum (D:3)
  2 frilled lizards
  8 goblins
  A quokka skeleton (D:4)
  9 rats
255 creatures vanquished.

Vanquished Creatures (others)
  A fungus (D:8)
1 creature vanquished.

Grand Total: 256 creatures vanquished

Notes
Turn   | Place    | Note
-------+----------+-------------------------------------------
     0 | Abyss:1  | serber55 the Demonspawn Abyssal Knight began the quest for
                  | the Orb.
     0 | Abyss:1  | Reached XP level 1. HP: 18/18 MP: 2/2
    61 | Abyss:1  | Noticed a large abomination
    68 | Abyss:2  | Found a corrupted altar of Lugonu.
   102 | Abyss:2  | Noticed a sixfirhy
   104 | D:1      | Escaped the Abyss
   444 | D:1      | Reached skill level 2 in Long Blades
   554 | D:1      | Gained mutation: You are partially covered in sharp spines.
                  | [demonic ancestry]
   554 | D:1      | Reached XP level 2. HP: 20/24 MP: 3/3
   655 | D:1      | Reached * piety under Lugonu
  1095 | D:2      | Reached XP level 3. HP: 29/29 MP: 4/4
  1535 | D:3      | Learned a level 1 spell: Animate Skeleton
  1587 | D:3      | You fall into a shaft and drop 3 floors!
  1587 | D:6      | Noticed a sky beast
  1597 | D:6      | Reached skill level 3 in Long Blades
  1597 | D:6      | Reached XP level 4. HP: 35/35 MP: 5/5
  1608 | D:6      | Killed a sky beast
  1609 | D:6      | Gained mutation: You have sharp fingernails. [demonic
                  | ancestry]
  1609 | D:6      | Reached XP level 5. HP: 42/42 MP: 6/6
  1641 | D:6      | Noticed a phantom
  1647 | D:6      | Noticed an orc warrior
  1648 | D:6      | Killed a phantom
  1649 | D:6      | Reached skill level 4 in Long Blades
  1743 | D:7      | Noticed a lemure
  1743 | D:7      | Noticed a lemure
  1743 | D:7      | Noticed a lemure
  1747 | D:7      | Noticed Pikel
  1751 | D:7      | Noticed a black bear
  1757 | D:7      | Noticed a lemure
  1758 | D:7      | Killed a black bear
  1759 | D:7      | Gained mutation: You are partially covered in molten
                  | scales. (AC +2) [demonic ancestry]
  1759 | D:7      | Reached XP level 6. HP: 37/49 MP: 7/7
  1764 | D:7      | Killed Pikel
  1765 | D:7      | Reached skill level 5 in Fighting
  1765 | D:7      | Reached skill level 5 in Long Blades
  1765 | D:7      | Gained mutation: You are mostly covered in molten scales.
                  | (AC +3) [demonic ancestry]
  1765 | D:7      | Reached XP level 7. HP: 23/56 MP: 8/8
  2036 | D:5      | Entered Level 5 of the Dungeon
  2054 | D:5      | Found Kidir's Assorted Antiques.
  2063 | D:5      | Bought a glowing green potion for 24 gold pieces
  2063 | D:5      | Bought a sedimented dark potion for 24 gold pieces
  2063 | D:5      | Bought a scroll labelled TOUMUV DOFINIH for 27 gold pieces
  2063 | D:5      | Bought a scroll labelled FATELANOARGH for 27 gold pieces
  2077 | D:4      | Reached ** piety under Lugonu
  2250 | D:4      | Reached skill level 6 in Long Blades
  2417 | D:4      | Gained mutation: You have very sharp fingernails. [demonic
                  | ancestry]
  2417 | D:4      | Reached XP level 8. HP: 17/63 MP: 9/9
  2433 | D:4      | Found a glowing drain.
  2442 | Sewer    | Entered a sewer
  3230 | D:4      | Reached *** piety under Lugonu
  3784 | D:3      | Reached **** piety under Lugonu
  3806 | D:3      | Reached skill level 5 in Armour
  3866 | D:3      | Found a bloodstained altar of Trog.
  3897 | D:3      | You fall into a shaft and drop 3 floors!
  3917 | D:6      | Reached skill level 7 in Long Blades
  4446 | D:5      | Bought a large gilded ring for 135 gold pieces
  4791 | D:2      | You fall into a shaft and drop 1 floor!
  5350 | D:5      | Found a radiant altar of Vehumet.
  5364 | D:5      | Identified a scroll of acquirement
  5364 | D:5      | Acquired a +2 vorpal great sword
  5368 | D:5      | Found a shimmering blue altar of Sif Muna.
  5494 | D:5      | Noticed Grinder
  5494 | D:5      | Paralysed by Grinder for 5 turns
  5499 | D:5      | Gained mutation: Armour fits poorly on your strangely
                  | shaped body. [potion of mutation]
  5499 | D:5      | Gained mutation: You possess an exceptional clarity of
                  | mind. [potion of mutation]
  5500 | D:5      | Lost mutation: You possess an exceptional clarity of mind.
                  | [potion of mutation]
  5500 | D:5      | Lost mutation: Armour fits poorly on your strangely shaped
                  | body. [potion of mutation]
  5500 | D:5      | Gained mutation: You are agile. (Dex +2) [potion of
                  | mutation]
  5500 | D:5      | Gained mutation: You are frail. (-10% HP) [potion of
                  | mutation]
  5500 | D:5      | Gained mutation: You are dopey. (Int -2) [potion of
                  | mutation]
  5504 | D:5      | Banished Grinder
  5505 | D:5      | Reached XP level 9. HP: 63/63 MP: 6/12
  6521 | D:6      | Reached skill level 8 in Long Blades
  6583 | D:6      | Reached skill level 5 in Invocations
  6693 | D:7      | Found a staircase to the Ecumenical Temple.
  6995 | D:7      | Found a burning altar of Makhleb.
  7218 | D:8      | Noticed Harold
  7219 | D:8      | Noticed a troll
  7236 | D:8      | Killed a troll
  7596 | D:8      | Found a hazy altar of Hepliaklqana.
  7614 | D:8      | Noticed Maggie
  7620 | D:8      | Banished Maggie
  7621 | D:8      | Reached skill level 9 in Long Blades
  7994 | D:8      | Gained mutation: You are mostly covered in sharp spines.
                  | [demonic ancestry]
  7994 | D:8      | Reached XP level 10. HP: 52/71 MP: 14/14
  8132 | D:8      | Killed Harold
  8429 | D:8      | Found a broken altar of Ashenzari.
  8433 | D:8      | Saw a vision of the Swamp and the Spider Nest.
  8433 | D:8      | Noticed a goliath frog
  8438 | D:8      | Noticed a will-o-the-wisp
  8860 | D:9      | Found a staircase to the Lair.
  8966 | D:9      | Lost mutation: You are agile. (Dex +2) [potion of mutation]
  8966 | D:9      | Lost mutation: You are dopey. (Int -2) [potion of mutation]
  8966 | D:9      | Gained mutation: Your body sometimes deteriorates upon
                  | taking damage. [potion of mutation]
  8966 | D:9      | Gained mutation: You sometimes lose the ability to read
                  | scrolls when taking damage. [potion of mutation]
  8966 | D:9      | Gained mutation: You have supernaturally acute eyesight.
                  | (SInv) [potion of mutation]
  8966 | D:9      | Gained mutation: You have hidden genetic potential. [potion
                  | of mutation]
  9052 | D:9      | Noticed a two-headed ogre
  9061 | D:9      | Banished a two-headed ogre
  9071 | D:9      | Reached skill level 10 in Long Blades
  9546 | D:10     | Entered Level 10 of the Dungeon
  9546 | D:10     | Noticed Erolcha
  9549 | D:10     | Banished Erolcha
  9564 | D:9      | Reached XP level 11. HP: 46/78 MP: 10/17
  9771 | D:10     | Found an ornate altar of the Wu Jian Council.
  9816 | D:10     | Noticed a two-headed ogre
  9818 | D:10     | Noticed a centaur warrior
  9827 | D:10     | Killed a centaur warrior
  9834 | D:10     | Banished a two-headed ogre
  9844 | D:10     | Gained mutation: You possess an exceptional clarity of
                  | mind. [hidden potential]
 10140 | D:10     | Found a staircase to the Orcish Mines.
 10281 | D:10     | Noticed Sonja
 10282 | D:10     | Found Nosofag's Weapon Shoppe.
 10504 | D:10     | Noticed a boulder beetle
 10535 | D:10     | Demolished by a boulder beetle

Illustrated notes

Levels and vault maps discovered:
D:1:      lightli_arrival_boilingwater, layout_loops_ring
D:2:      layout_basic, minmay_cupped
D:3:      layout_rooms, overflow_temple_1_default, goddamned_bats
D:4:      layout_rooms, portal_sewer_entry_d
D:5:      layout_layer_cave, mainiacjoe_overflow_catch_the_wave,
          nicolae_stop_n_shop_2, uniq_grinder
D:6:      layout_rooms, chequers_garden
D:7:      minmay_klotski, layout_loops_ring, makhleb_grotto_becter,
          minmay_temple_entry_glass, uniq_pikel
D:8:      layout_loops_ring, grunt_ashenzari_visionary
          [grunt_ashenzari_visionary_swamp, grunt_ashenzari_visionary_spider],
          mainiacjoe_overflow_boulevard, uniq_harold, uniq_maggie
D:9:      layout_loops_ring, dpeg_oklobed_lair
D:10:     minmay_bloctagon_deflated, layout_layer_cave,
          mainiacjoe_overflow_alcove_1, amcnicky_altar_gilded,
          overflow_temple_1_default, minmay_orc_entry_temple_small,
          serial_shops, nicolae_stop_n_shop_2, minmay_misc_feat_more_columns,
          uniq_erolcha, uniq_sonja

Skill      XL: |  1  2  3  4  5  6  7  8  9 10 11 |
---------------+----------------------------------+-----
Long Blades    | 2 3 4 5 6 7 9 10 | 10.9
Armour         | 2 3 4 5 6 7 |  7.8
Fighting       | 4 5 6 7 8 9 |  9.0
Invocations    | 4 6 8 |  8.9
Dodging        | |  0.8

Action                   |  1- 3 |  4- 6 |  7- 9 | 10-12 || total
-------------------------+-------+-------+-------+-------++-------
Melee: Falchion          |    64 |    36 |   316 |       ||   416
       Great sword       |       |       |   102 |   112 ||   214
Throw: Dart              |       |       |       |     1 ||     1
       Throwing net      |       |       |       |     1 ||     1
Invok: Depart the Abyss  |     1 |       |       |       ||     1
       Bend Space        |       |       |     4 |     4 ||     8
       Banish            |       |       |     2 |     6 ||     8
Evoke: Wand              |       |       |     1 |     3 ||     4
  Use: Scroll            |     1 |     1 |    17 |     1 ||    20
       Potion            |     1 |     1 |     7 |     3 ||    12
 Stab: Held in net/web   |       |       |       |     2 ||     2
Armor: Ring mail         |    26 |    10 |   168 |    48 ||   252
       Skin              |     1 |    11 |       |       ||    12
Dodge: Dodged            |    24 |    11 |   245 |    72 ||   352

Table legend: (Time is in decaauts)
 A = Elapsed time spent in this place.
 B = Non-inter-level travel time spent in this place.
 C = Inter-level travel time spent in this place.
 D = Time resting spent in this place.
 E = Time spent auto-exploring this place.
 F = Levels seen in this place.
 G = Mean time per level.
                   A        B        C        D        E       F      G
               +--------+--------+--------+--------+--------+-----+--------+
         Total |  10679 |  10223 |    456 |   2821 |   5085 |  13 |  821.5 |
       Dungeon |   9837 |   9381 |    456 |   2532 |   4860 |  10 |  983.7 |
         Abyss |    103 |    103 |      0 |      0 |      0 |   2 |   51.5 |
         Sewer |    738 |    738 |      0 |    289 |    225 |   1 |  738.0 |
               +--------+--------+--------+--------+--------+-----+--------+

Top non-repeatable levels by time:
     D:5: 1364 daAuts
     D:9: 1248 daAuts
     D:7: 1215 daAuts
     D:8: 1127 daAuts
     D:1: 961 daAuts
     D:2: 930 daAuts
     D:3: 872 daAuts
     D:6: 786 daAuts
   Sewer: 738 daAuts
     D:4: 718 daAuts
    D:10: 612 daAuts
 Abyss:1: 67 daAuts
 Abyss:2: 36 daAuts
